 Dungeon Crawl Stone Soup version 0.19-a0-1025-g778f431 (webtiles) character file.

772 4thArraOfDagon the Cleaver (level 7, -8/85 HPs)
             Began as a Minotaur Berserker on July 28, 2016.
             Was a Follower of Trog.
             Mangled by an orc warrior
             ... wielding a +0 long sword
              (10 damage)
             ... on level 9 of the Dungeon.
             The game lasted 00:04:33 (910 turns).

4thArraOfDagon the Cleaver (Minotaur Berserker)      Turns: 910, Time: 00:04:34

Health: -8/85      AC:  7    Str: 28    XL:     7   Next: 53%
Magic:  6/6        EV: 11    Int:  4    God:    Trog [*.....]
Gold:   86         SH:  0    Dex: 10    Spells: 0 memorised, 6 levels left

rFire  + . .     SeeInvis .     n - -1 hand axe (curse)
rCold  . . .     Gourm    .     d - +0 ring mail (curse)
rNeg   . . .     Faith    .     (no shield)
rPois  .         Spirit   .     (helmet restricted)
rElec  .         Dismiss  .     i - +0 cloak
rCorr  .         Reflect  .     (no gloves)
SustAt .         Harm     .     (no boots)
MR     ++...                    (no amulet)
Stlth  ..........               (no ring)
                                t - ring of protection from fire

@: berserking, lethally poisoned (-8 -> -8), regenerating, very quick, very
resistant to hostile enchantments, extremely unstealthy
A: retaliatory headbutt, horns 2
a: Berserk, Burn Spellbooks, Renounce Religion


You were on level 9 of the Dungeon.
You worshipped Trog.
Trog was aware of your devotion.
You were not hungry.

You visited 1 branch of the dungeon, and saw 9 of its levels.

You collected 86 gold pieces.

Inventory:

Hand Weapons
 a - a +0 hand axe
 n - a cursed -1 hand axe (weapon)
 v - a +1 triple sword of slicing
Armour
 b - a +0 animal skin
 d - a cursed +0 ring mail (worn)
 h - a cursed +0 chain mail
 i - a +0 cloak (worn)
 s - a cursed +0 ring mail
Jewellery
 t - a ring of protection from fire (left hand)
Scrolls
 e - a scroll of enchant weapon {unknown}
 g - a scroll of identify {unknown}
 j - a scroll of random uselessness {unknown}
 m - a scroll of recharging {unknown}
 o - a scroll of magic mapping {unknown}
 r - 2 scrolls of remove curse {unknown}
 w - a scroll of holy word {unknown}
 x - a scroll of immolation {unknown}
Potions
 f - a potion of ambrosia {unknown}
 k - 2 potions of lignification {unknown}
 l - a potion of cancellation {unknown}
 p - 2 potions of degeneration {unknown}
 q - a potion of might {unknown}
 u - a potion of mutation {unknown}
Comestibles
 c - 3 bread rations


   Skills:
 - Level 3.6 Fighting
 * Level 9.2 Axes
 + Level 6.0 Armour
 - Level 2.1 Dodging


You had 6 spell levels left.
You didn't know any spells.

Dungeon Overview and Level Annotations

Branches:
Dungeon (9/15)
 Temple: D:4-7         Lair: D:8-11         Orc: D:9-12

Altars:
Ashenzari
Pakellas

Annotations:
D:2 Terence


Innate Abilities, Weirdness & Mutations

You reflexively headbutt those who attack you in melee.
You have a pair of horns on your head.


Message History

The killer bee poisons you! The hippogriff closely misses you.
The hippogriff pecks you.
* * * LOW HITPOINT WARNING * * *
The hippogriff closely misses you.
The quokka bites you but does no damage.
Unknown command.
Unknown command.
You hit the killer bee.
The killer bee is severely wounded.
You barely miss the quokka. You hit the hippogriff.
You barely miss the killer bee.
Your ring mail prevents you from hitting the orc warrior.
You feel sick. The killer bee stings you.
* * * LOW HITPOINT WARNING * * *
The killer bee stings you.
* * * LOW HITPOINT WARNING * * *
You are more poisoned.
The killer bee poisons you!
The orc warrior hits you with a long sword!
You die...

......#
......#
...O...
##o.....#
........#
#o...5..#
#yo.....#
#@yo....#
#Hr.....#
#.......#
#.......#
#.......#
#....?..#
#..##...#
#..# ....


You could see a hippogriff, an orc warrior, an ogre, 2 killer bees, an orc
priest, an orc wizard, a crimson imp, an orc and a quokka.

Vanquished Creatures
  A hill giant (D:7)
  A giant frog (D:6)
  A scorpion (D:4)
  A giant frog zombie (D:8)
  A centaur skeleton (D:4)
  Robin (D:2)
  2 adders
  2 shadow imps
  An adder zombie (D:4)
  A worm (D:3)
  2 giant geckos
  11 orcs
  3 bats
  4 giant cockroaches
  10 goblins
  3 hobgoblins (D:2)
  A ball python (D:2)
  2 giant newts
  A kobold (D:1)
  2 rats
51 creatures vanquished.

Notes
Turn   | Place    | Note
-------+----------+-------------------------------------------
     0 | D:1      | 4thArraOfDagon the Minotaur Berserker began the quest for the Orb.
     0 | D:1      | Reached XP level 1. HP: 19/19 MP: 0/0
    29 | D:1      | You fall through a shaft!
    44 | D:2      | Noticed Robin
    47 | D:2      | Reached skill level 4 in Axes
    48 | D:2      | Reached XP level 2. HP: 24/26 MP: 1/1
    55 | D:2      | Killed Robin
    55 | D:2      | Reached XP level 3. HP: 6/31 MP: 2/2
   150 | D:3      | Reached skill level 5 in Axes
   193 | D:2      | Noticed Terence
   319 | D:4      | Reached ** piety under Trog
   323 | D:4      | Reached XP level 4. HP: 26/39 MP: 3/3
   390 | D:3      | Found a faded altar of an unknown god.
   428 | D:4      | Found a shattered altar of Ashenzari.
   435 | D:4      | Reached skill level 6 in Axes
   435 | D:4      | Reached XP level 5. HP: 18/45 MP: 4/4
   451 | D:3      | Noticed a moth of wrath
   595 | D:4      | ctrl+q level
   630 | D:5      | Entered Level 5 of the Dungeon
   731 | D:7      | Noticed a hill giant
   738 | D:7      | Reached skill level 7 in Axes
   742 | D:7      | Killed a hill giant
   742 | D:7      | Reached skill level 9 in Axes
   742 | D:7      | Reached skill level 5 in Armour
   742 | D:7      | Reached XP level 6. HP: 33/51 MP: 5/5
   742 | D:7      | Reached XP level 7. HP: 37/57 MP: 6/6
   818 | D:8      | Found an oddly glowing altar of Pakellas.
   874 | D:9      | Noticed a hippogriff
   910 | D:9      | HP: 3/85 [killer bee (5)]
   910 | D:9      | Mangled by an orc warrior

Vault maps used:
D:1:      lightli_arrival_quake, minmay_liquid_box
D:2:      elyvilon_altar_4, first_bread, uniq_robin, uniq_terence
D:3:      tgw_trog, lemuel_round_altar, ecumenical_altar_1
D:4:      lemuel_round_altar, gammafunk_temple_overflow_wave
D:5:      led_sif_book, uniq_crazy_yiuf_cottage, uniq_sigmund, uniq_edmund,
          uniq_grinder
D:6:      lemuel_doored_altar, serial_shops, shop, kennysheep_another_room
D:7:      grunt_temple_overflow_diamond
D:8:      nicolae_ru_sacrificial_ziggurat, overflow_temple_1_default,
          hangedman_ranch
D:9:      kennysheep_mini_moat, serial_shops, shop, shop, shop,
          nicolae_shop_waterfront, nicolae_shop_statue_plus,
          kennysheep_crisscross

Skill      XL: |  1  2  3  4  5  6  7 |
---------------+----------------------+-----
Axes           | 4 5 6 9 |  9.2
Armour         | 3 5 6 |  6.0
Fighting       | |  3.6
Dodging        | |  2.1

Action                   |  1- 3 |  4- 6 |  7- 9 || total
-------------------------+-------+-------+-------++-------
Melee: Hand axe          |    34 |    40 |    22 ||    96
       Headbutt          |     4 |     3 |     2 ||     9
Invok: Berserk           |     2 |     1 |     2 ||     5
       Trog's Hand       |       |     1 |     3 ||     4
  Eat: Beef jerky        |       |     1 |       ||     1
       Chunk             |       |       |     2 ||     2
       Bread ration      |       |       |     1 ||     1
Armor: Animal skin       |     6 |       |       ||     6
       Ring mail         |    12 |    10 |    28 ||    50
Dodge: Dodged            |    40 |    33 |    37 ||   110
